 Dungeon Crawl Stone Soup version 0.32-a0-928-g1cae6b7ea0 (webtiles) character file.

Game seed: 16121152879637802276

864 Dirtsage the Cleaver (level 7, 0/57 HPs)
             Began as a Mountain Dwarf Fighter on Apr 12, 2024.
             Was a Follower of Okawaru.
             Slain by Pikel
             ... wielding a +2 whip of electrocution
              (8 damage)
             ... on level 5 of the Dungeon.
             The game lasted 00:07:23 (3897 turns).

Dirtsage the Cleaver (Mountain Dwarf Fighter)       Turns: 3897, Time: 00:07:24

Health: 0/57       AC: 13    Str: 20    XL:     7   Next: 72%
Magic:  5/7        EV:  8    Int:  9    God:    Okawaru [*.....]
Gold:   166        SH:  5    Dex:  9    Spells: 6/6 levels left

rFire   . . .        a - +0 war axe
rCold   . . .        c - +0 buckler
rNeg    . . .        e - +0 chain mail
rPois   +            (no helmet)
rElec   .            j - +1 cloak
rCorr   .            (no gloves)
SInv    .            (no boots)
Will    .....        (no amulet) Stlth
                     P - ring of poison resistance
HPRegen 0.29/turn    (no ring)
MPRegen 0.10/turn

%: no passive effects
@: heroic
A: runic magic, artefact enchanting
a: Renounce Religion, Heroism


You were on level 5 of the Dungeon.
You worshipped Okawaru.
Okawaru was aware of your devotion.
You visited 2 branches of the dungeon, and saw 6 of its levels.

You collected 166 gold pieces.

Inventory:

Hand Weapons
 a - a +0 war axe (weapon)
Missiles
 v - 3 boomerangs (quivered)
 y - a throwing net
Armour
 b - a +0 scale mail
 c - a +0 buckler (worn)
 e - a +0 chain mail (worn)
 j - a +1 cloak (worn)
Jewellery
 o - an amulet of magic regeneration
 P - a ring of poison resistance (left hand)
Wands
 x - a wand of flame (27)
Scrolls
 f - a scroll of amnesia
 k - 2 scrolls of vulnerability
 r - 2 scrolls of enchant armour
 t - a scroll of teleportation
 u - a scroll of noise
Potions
 d - 2 potions of might
 g - a potion of invisibility
 h - a potion of haste
 n - a potion of degeneration
 p - 3 potions of lignification
 q - a potion of brilliance
 s - a potion of enlightenment
 w - a potion of cancellation


   Skills:
 + Level 3.6(8.6) Fighting
 * Level 10.1(15.1) Axes
 * Level 1.2(6.2) Throwing
 + Level 3.6(8.6) Armour
 + Level 0.5(5.5) Dodging
 - Level 3.2(8.2) Shields


You had 6 spell levels left.
You didn't know any spells.
Your spell library contained the following spells:

 Spells                   Type           Power      Damage    Failure   Level
 Apportation              Tloc           0%         N/A       58%         1
 Necrotise                Necr           0%         1d4       58%         1
 Slow                     Hex            0%         N/A       58%         1
 Sting                    Conj/Alch      0%         1d3       58%         1
 Confusing Touch          Hex            0%         N/A       92%         3
 Inner Flame              Hex/Fire       0%         N/A       92%         3
 Vampiric Draining        Necr           0%         2d6       92%         3
 Irradiate                Conj/Alch      0%         3d11      100%        5
 Borgnjor's Revivificati  Necr           0%         N/A       100%        8
 Ignition                 Fire           0%         3d3       100%        8
 Death's Door             Necr           0%         N/A       100%        9
 Summon Small Mammal      Summ           Unusable   N/A       N/A         1
 Haunt                    Necr/Summ      Unusable   N/A       N/A         7

Dungeon Overview and Level Annotations

Branches:
Dungeon (5/15)             Temple (1/1) D:4

Altars:
Ashenzari
Cheibriados
Fedhas
Hepliaklqana
Kikubaaqudgha
Makhleb
Nemelex Xobeh
Okawaru
Qazlal
Ru
Sif Muna
Trog
Uskayaw
Wu Jian
Xom
Yredelemnul
Zin
The Shining One

Annotations:
D:5 Pikel


Innate Abilities, Weirdness & Mutations

Your spellcasting is much less encumbered by armour.
You can use scrolls of enchantment on lesser artefacts.


Message History

You hit the lemure but do no damage. You block the scorpion's attack.
You block the lemure's attack.
You barely miss the scorpion.
The scorpion is almost dead.
You hit the lemure. You hit Pikel.
The scorpion stings you but does no damage.
The lemure hits you!
Pikel hits you with a +2 whip of electrocution.
You are electrocuted!
You take 24 damage, and have 23/57 hp.
MASSIVE DAMAGE!!
You hit Pikel but do no damage.
Pikel is lightly wounded.
You barely miss the lemure. You barely miss the scorpion.
The scorpion barely misses you. The lemure closely misses you.
Pikel closely misses you.
You hit Pikel.
Pikel is lightly wounded.
You slash the scorpion!
You kill the scorpion!
Okawaru accepts your kill.
You hit the lemure. You closely miss Pikel.
Pikel is lightly wounded.
You barely miss the lemure. The lemure hits you but does no damage.
A magic dart appears from out of thin air!
The magic dart hits you!
* * * LOW HITPOINT WARNING * * *
Pikel hits you with a +2 whip of electrocution!
* * * LOW HITPOINT WARNING * * *
You take 14 damage, and have 10/57 hp.
MASSIVE DAMAGE!!
You hit Pikel but do no damage.
Pikel is lightly wounded.
You hit the lemure. You slash the lemure!
You kill the lemure!
That felt strangely unrewarding.
The lemure completely misses you.
Pikel hits you with a +2 whip of electrocution.
* * * LOW HITPOINT WARNING * * *
You are electrocuted!
You die...
Pikel says, "Another soul for the market."

.... .##..
..###....#. .
####.......... .
#........#.... ..
# #............
..: # #........##
..##
##.........##...#
#.<....K...#.....
##†#..@o.o.......
####.5......##..
. #............ #
#....###..... #
###.## .... ###
..#


You could see Pikel, a lemure and 2 orcs.

Vanquished Creatures
  Menkaure (D:5)
  A sky beast (D:4)
  An ogre (D:4)
  A phantom (D:4)
  3 lemures
  A scorpion (D:5)
  A howler monkey (D:4)
  A hound (D:4)
  2 orc priests (D:3)
  2 sleepcaps
  Ijyb (D:4)
  2 orc wizards (D:3)
  A gnoll (D:5)
  4 adders
  A ribbon worm (D:4)
  2 dart slugs (D:2)
  23 orcs
  8 endoplasms
  4 giant cockroaches
  8 hobgoblins
  5 jackals
  3 quokkas
  14 ball pythons
  2 bats (D:3)
  2 frilled lizards (D:2)
  9 goblins
  9 kobolds
  5 rats
117 creatures vanquished.

Notes
Turn   | Place    | Note
-------+----------+-------------------------------------------
     0 | D:1      | Dirtsage the Mountain Dwarf Fighter began the quest for the
                  | Orb.
     0 | D:1      | Reached XP level 1. HP: 19/19 MP: 1/1
   125 | D:1      | Reached skill level 3 in Axes
   127 | D:1      | Found a faded altar of an unknown god.
   191 | D:1      | Reached XP level 2. HP: 26/26 MP: 2/2
   527 | D:1      | Reached skill level 4 in Axes
   659 | D:2      | Reached XP level 3. HP: 31/31 MP: 3/3
  1366 | D:3      | Found a sparkling altar of Nemelex Xobeh.
  1378 | D:3      | Reached skill level 5 in Axes
  1387 | D:3      | Reached XP level 4. HP: 31/38 MP: 4/4
  1433 | D:3      | Reached skill level 6 in Axes
  1546 | D:3      | Reached XP level 5. HP: 20/45 MP: 5/5
  1713 | D:3      | Reached skill level 7 in Axes
  2051 | D:4      | Found a staircase to the Ecumenical Temple.
  2077 | Temple   | Entered the Ecumenical Temple
  2094 | Temple   | Became a worshipper of Warmaster Okawaru
  2125 | D:4      | Reached XP level 6. HP: 48/51 MP: 6/6
  2206 | D:4      | Reached skill level 8 in Axes
  2304 | D:4      | Noticed a sky beast
  2315 | D:4      | Killed a sky beast
  2566 | D:4      | Reached skill level 9 in Axes
  2661 | D:4      | Reached * piety under Okawaru
  2662 | D:4      | Reached XP level 7. HP: 15/57 MP: 7/7
  2996 | D:4      | Noticed Ijyb
  3013 | D:4      | Killed Ijyb
  3115 | D:4      | Found a bloodstained altar of Trog.
  3440 | D:5      | Entered Level 5 of the Dungeon
  3635 | D:5      | Noticed Menkaure
  3643 | D:5      | Killed Menkaure
  3644 | D:5      | Reached skill level 10 in Axes
  3644 | D:5      | Reached skill level 1 in Throwing
  3886 | D:5      | Noticed Pikel
  3897 | D:5      | Slain by Pikel

Illustrated notes

Levels and vault maps discovered:
D:1:      giann_wishing_wells, layout_rooms, ebering_ecumenical_altar_rust
D:2:      layout_loops_ring
D:3:      layout_basic, nemelex_xobeh_ov_fountains_minmay
D:4:      layout_loops_ring, trog_hazing_becter, temple_fountains,
          kennysheep_opposing_triangles, uniq_ijyb
D:5:      layout_cave_pools, nicolae_dithmenos_the_darkroom, elyvilon_altar_3,
          uniq_blork_the_orc, uniq_menkaure, uniq_pikel, uniq_crazy_yiuf_cottage
Temple:   nicolae_temple_bog_church

Skill      XL: |  1  2  3  4  5  6  7 |
---------------+----------------------+-----
Axes           | 3 4 5 6 7 9 10 | 10.1
Throwing       | 1 |  1.2
Fighting       | |  3.6
Armour         | |  3.6
Dodging        | |  0.5
Shields        | |  3.2

Action                     |  1- 3 |  4- 6 |  7- 9 || total
---------------------------+-------+-------+-------++-------
  Melee: War axe           |   128 |   186 |   108 ||   422
  Throw: Boomerang         |       |     5 |     1 ||     6
 Invoke: Heroism           |       |       |     1 ||     1
    Use: Scroll            |       |       |    14 ||    14
         Potion            |       |       |     1 ||     1
 Armour: Chain mail        |   117 |   198 |    95 ||   410
         Skin              |       |       |     4 ||     4
  Dodge: Dodged            |    17 |    57 |    48 ||   122
  Block: Buckler           |    29 |    43 |    29 ||   101

Table legend: (Time is in decaauts)
 A = Elapsed time spent in this place.
 B = Non-inter-level travel time spent in this place.
 C = Inter-level travel time spent in this place.
 D = Time resting spent in this place.
 E = Time spent auto-exploring this place.
 F = Levels seen in this place.
 G = Mean time per level.
                   A        B        C        D        E       F      G
               +--------+--------+--------+--------+--------+-----+--------+
         Total |   3978 |   3786 |    192 |    277 |   2662 |   6 |  663.0 |
       Dungeon |   3942 |   3783 |    159 |    277 |   2662 |   5 |  788.4 |
        Temple |     35 |      2 |     33 |      0 |      0 |   1 |   35.0 |
               +--------+--------+--------+--------+--------+-----+--------+

Top non-repeatable levels by time:
     D:4: 1667 daAuts
     D:3: 944 daAuts
     D:2: 594 daAuts
     D:1: 583 daAuts
     D:5: 152 daAuts
  Temple: 35 daAuts
